 Dungeon Crawl Stone Soup version 0.23.2-30-g0e89c35649 (webtiles) character file.

Game seed: 15190632430929383735

128 MalarOregon the Digger (level 5, -7/42 HPs)
             Began as a Ghoul Earth Elementalist on June 14, 2019.
             Mangled by a gnoll
             ... wielding a +0 flail
              (9 damage)
             ... on level 3 of the Dungeon.
             The game lasted 00:04:40 (3555 turns).

MalarOregon the Digger (Ghoul Earth Elementalist)   Turns: 3555, Time: 00:04:40

Health: -7/42      AC:  2    Str: 12    XL:     5   Next: 11%
Magic:  6/8        EV: 11    Int: 11    God:
Gold:   131        SH:  3    Dex:  9    Spells: 3/9 levels left

rFire    . . .     SeeInvis .   r - +1 dagger (venom)
rCold    + . .     Gourm    .   j - +0 buckler
rNeg     + + +     Faith    .   c - +0 robe
rPois    ∞         Spirit   .   (no helmet)
rElec    .         Reflect  .   (no cloak)
rCorr    .         Harm     .   (no gloves)
MR       .....                  (no boots)
Stlth    ++........             (no amulet)
HPRegen  0.00/turn              (no ring)
MPRegen  0.11/turn              (no ring)

@: rotting
A: rotting body, claws 1, carnivore, cold resistance 1, negative energy
resistance 3, inhibited regeneration, torment resistance, unbreathing
a: no special abilities


You were on level 3 of the Dungeon.
You were not hungry.

You visited 1 branch of the dungeon, and saw 3 of its levels.

You collected 131 gold pieces.

Inventory:

Hand Weapons
 r - a +1 dagger of venom (weapon)
   (You took it off a goblin on level 2 of the Dungeon)
Missiles
 b - 88 stones (quivered)
 v - a throwing net {!f}
Armour
 c - a +0 robe (worn)
 j - a +0 buckler (worn)
   (You found it on level 2 of the Dungeon)
Jewellery
 q - an uncursed ring of protection from fire {unknown}
   (You found it on level 2 of the Dungeon)
Scrolls
 a - 2 scrolls of remove curse {unknown}
 d - 2 scrolls of enchant weapon {unknown}
 g - a scroll of magic mapping {unknown}
 l - a scroll of immolation {unknown}
 n - 2 scrolls of teleportation {unknown}
 s - a scroll of identify {unknown}
 t - a scroll of random uselessness {unknown}
Potions
 f - a potion of lignification {unknown}
 h - a potion of magic {unknown}
 i - a potion of curing {@q1}
 m - a potion of invisibility {unknown}
 o - a potion of resistance {unknown}
 p - a potion of berserk rage {unknown}
 u - a potion of degeneration {unknown}
 w - a potion of heal wounds {unknown}
Comestibles
 e - 8 rations {!d}
 k - 6 chunks of flesh


   Skills:
 + Level 2.4 Fighting
 - Level 1.7 Dodging
 - Level 2.1 Stealth
 + Level 1.2 Shields
 + Level 2.7 Spellcasting
 - Level 0.8 Transmutations
 + Level 4.3 Earth Magic


You had 3 spell levels left.
You knew the following spells:

 Your Spells              Type           Power        Failure   Level  Hunger
a - Sandblast             Erth           ##....       6%          1    ##.....
q - Passwall              Tmut/Erth      #.......     21%         2    ###....
x - Stone Arrow           Conj/Erth      #.....       43%         3    ####...

Your spell library contained the following spells:

 Spells                   Type           Power        Failure   Level  Hunger
 Animate Skeleton         Necr           N/A          36%         1    ##.....
 Apportation              Tloc           #.....       36%         1    ##.....
 Confusing Touch          Hex            #.....       36%         1    ##.....
 Summon Small Mammal      Summ           #...         36%         1    ##.....
 Petrify                  Tmut/Erth      #.......     78%         4    #####..
 Lee's Rapid Deconstruct  Erth           ##........   87%         5    ######.


Dungeon Overview and Level Annotations

Branches:
Dungeon (3/15)

Altars:
Cheibriados
Fedhas


Innate Abilities, Weirdness & Mutations

Your body is rotting away.
You thrive on raw meat.
You are immune to poison.
You have sharp fingernails.
You are carnivorous and can eat meat at any time.
Your flesh is cold resistant. (rC+)
You are immune to negative energy. (rN+++)
You do not regenerate when monsters are visible.
You are immune to unholy pain and torment.
You can survive without breathing.


Message History

The giant cockroach is poisoned.
The giant cockroach bites you but does no damage.
A kobold comes into view.
You barely miss the giant cockroach.
The kobold shouts!
You kill the giant cockroach!
The kobold throws a stone.
The stone misses you.
You hit the kobold.
The kobold is poisoned.
You kill the kobold!
No target in view!
No target in view!
No target in view!
No target in view!
No target in view!
No target in view!
Found a stone staircase leading up.
No target in view!
Found a ration.
An orc comes into view. It is wielding a +3 dagger.
Found 6 gold pieces.
An orc is nearby!
The orc shouts!
An orc is nearby!
You barely miss the orc. The orc hits you with a +3 dagger.
Something unseen opens the door.
You hit the orc but do no damage. The orc hits you but does no damage.
You hit the orc. The orc barely misses you.
You completely miss the orc. The orc barely misses you.
You barely miss the orc. The orc hits you with a +3 dagger.
You hit the orc but do no damage.
The orc is poisoned.
You kill the orc!
You barely miss the gnoll. The gnoll hits you with a +0 flail!
* * * LOW HITPOINT WARNING * * *
You barely miss the gnoll.
Your shield prevents you from hitting the gnoll.
The gnoll hits you with a +0 flail!
* * * LOW HITPOINT WARNING * * *
You hit the gnoll. The gnoll hits you with a +0 flail!
* * * LOW HITPOINT WARNING * * *
Aim: a gnoll, wielding a +0 flail and wearing a +3 ring of strength (lightly wounded)
Okay, then.
Aim: a gnoll, wielding a +0 flail and wearing a +3 ring of strength (lightly wounded)
The blast of sand hits the gnoll.
b - 89 stones The gnoll barely misses you.
Aim: a gnoll, wielding a +0 flail and wearing a +3 ring of strength (moderately wounded)
The blast of sand misses the gnoll.
b - 88 stones The gnoll hits you with a +0 flail!
You die...

#.......#
##'####.########
#########
#..............+
#
#.......########
# ##.......# #
#####........# #
#.......#######.
####
#+#.............
...#
...####...#####.
...# .<.'....g@#
...# .####...#
#### #.).# #.%.#
#...# #.$.#
..... #.....
#......


You could see a gnoll.

Vanquished Creatures
  2 gnolls (D:3)
  5 adders (D:2)
  A worm (D:2)
  3 dart slugs
  2 leopard geckos (D:3)
  An orc (D:3)
  5 giant cockroaches
  6 goblins
  5 hobgoblins
  A quokka (D:2)
  11 bats
  5 frilled lizards
  5 kobolds
  3 rats (D:2)
55 creatures vanquished.

Notes
Turn   | Place    | Note
-------+----------+-------------------------------------------
     0 | D:1      | MalarOregon the Ghoul Earth Elementalist began the quest
                  | for the Orb.
     0 | D:1      | Reached XP level 1. HP: 14/14 MP: 2/2
  1069 | D:1      | Reached XP level 2. HP: 4/21 MP: 0/3
  1432 | D:1      | Reached skill level 1 in Fighting
  2025 | D:2      | Reached XP level 3. HP: 28/28 MP: 0/5
  2667 | D:2      | Reached skill level 4 in Earth Magic
  2679 | D:2      | Reached XP level 4. HP: 34/36 MP: 4/6
  2691 | D:2      | Learned a level 2 spell: Passwall
  2695 | D:2      | Learned a level 3 spell: Stone Arrow
  2883 | D:2      | Found a blossoming altar of Fedhas.
  3039 | D:2      | Reached skill level 1 in Shields
  3373 | D:3      | Found a snail-covered altar of Cheibriados.
  3415 | D:3      | Reached XP level 5. HP: 23/42 MP: 6/8
  3552 | D:3      | HP: 2/42 [gnoll/+0 flail (7)]
  3555 | D:3      | Mangled by a gnoll

Skill      XL: |  1  2  3  4 |
---------------+-------------+-----
Spellcasting   | 2 |  2.7
Fighting       | 1 2 |  2.4
Earth Magic    | 4 |  4.3
Shields        | 1 |  1.2
Dodging        | |  1.7
Stealth        | |  2.1
Transmutations | |  0.8

Action                   |  1- 3 |  4- 6 || total
-------------------------+-------+-------++-------
Melee: Unarmed           |    16 |       ||    16
       Short sword       |    52 |       ||    52
       Dagger            |    16 |    89 ||   105
 Cast: Sandblast         |    16 |     7 ||    23
 Stab: Sleeping          |     1 |       ||     1
  Eat: Chunk             |     7 |     4 ||    11
Armor: Robe              |    23 |    11 ||    34
Dodge: Dodged            |    54 |    49 ||   103
Block: Buckler           |     7 |     8 ||    15
